 Dungeon Crawl Stone Soup version 0.27-a0-1189-gb8eb6cee8e (webtiles) character file.

Game seed: 18113292728608617862

28 Sobieck the Cudgeller (level 3, 0/29 HPs)
             Began as a Demonspawn Fighter on May 22, 2021.
             Slain by a kobold
             ... wielding a +0 club
              (3 damage)
             ... on level 1 of the Dungeon.
             The game lasted 00:03:00 (991 turns).

Sobieck the Cudgeller (Demonspawn Fighter)           Turns: 991, Time: 00:03:00

Health: 0/29       AC:  6    Str: 17    XL:     3   Next: 0%
Magic:  3/3        EV:  6    Int:  9    God:
Gold:   42         SH: 12    Dex: 12    Spells: 2/2 levels left

rFire    . . .     SeeInvis .   a - +0 flail {mace}
rCold    . . .     Faith    .   c - +0 kite shield
rNeg     . . .     Spirit   .   h - +0 scale mail
rPois    .         Reflect  .   (no helmet)
rElec    .         Harm     .   (no cloak)
rCorr    .         Rampage  .   (no gloves)
Will     .....                  (no boots)
Stlth    ..........             (no amulet)
HPRegen  0.09/turn              (no ring)
MPRegen  0.08/turn              (no ring)

@: no status effects
A: large bone plates 1, foul stench 1
a: no special abilities


You were on level 1 of the Dungeon.
You visited 1 branch of the dungeon, and saw 2 of its levels.

You collected 42 gold pieces.


Innate Abilities, Weirdness & Mutations

You are partially covered in large bone plates. (SH +4)
You may rarely emit foul miasma when damaged in melee.


   Skills:
 - Level 3.0 Fighting
 + Level 3.2 Maces & Flails
 - Level 2.6 Armour
 - Level 2.6 Shields


You had 2 spell levels left.
You didn't know any spells.
Your spell library was empty.

Inventory:

Hand Weapons
 a - a +0 flail (weapon) {mace}
 b - a +0 hunting sling {sling}
   (You found it on level 1 of the Dungeon)
Missiles
 e - 27 stones (quivered) {throwing}
 g - 18 sling bullets
Armour
 c - a +0 kite shield (worn)
 h - a +0 scale mail (worn)
 i - a +0 chain mail
   (You found it on level 1 of the Dungeon)
Scrolls
 f - a scroll of acquirement {unknown}
Potions
 d - a potion of might
 j - a potion of degeneration {unknown}

Dungeon Overview and Level Annotations

Branches:
Dungeon (2/15)

Altars:

#.# #.# #.# ###########
#.# #.........# #.## ..
#.........# #))##....
#.........# #l.l....ยง
#.........#####K##Pรท...
................@# ...
..........)#####.# .
.....#####.# #.# ..##.#
#.# #.###### ...#.#####.#
#....#.# ..##.....#.#
#....#.#
...#####.#.#####.#..#.###
.........#.##.........รท.#
##.......#.##.#####.#.#.#


You could see a kobold and a frilled lizard.


Message History

The kobold throws a stone.
You block the stone.
Things that are here:
a +0 dagger {short}; a kobold corpse You block the kobold's attack.
You barely miss the kobold. You block the kobold's attack. x2
The kobold hits the bush but does no damage. ๐Ÿ˜Ž HP[+1]
Your hp is fully restored (24).
You barely miss the kobold. The kobold hits you but does no damage.
A rat comes into view.
The kobold hits you with a +0 whip.
You block the kobold's attack. ๐Ÿ˜• HP[-4]
You take 4 damage, and now have 20/24 hp.
You barely miss the kobold. The kobold hits you but does no damage.
The kobold closely misses you. The kobold hits you but does no damage.
You block the kobold's attack.
You completely miss the kobold.
The kobold hits you with a +0 short sword.
The kobold throws a stone.
The stone barely misses you. The kobold hits you with a +0 whip.
You emit a cloud of foul miasma!
You block the kobold's attack.
The kobold hits you with a +0 dagger. ๐Ÿ˜ฎ HP[-6]
You take 6 damage, and now have 14/24 hp.
MASSIVE DAMAGE!! (PAUSE)
You are too injured to fight recklessly!
You are too injured to fight recklessly!
You are too injured to fight recklessly!
You closely miss the kobold.
The kobold throws a stone.
The stone hits you but does no damage.
The kobold is engulfed in dark miasma.
The kobold is poisoned.
The kobold seems to slow down.
You kill the kobold!
The kobold hits you with a +0 short sword.
* * * LOW HITPOINT WARNING * * *
The kobold hits you with a +0 dagger.
* * * LOW HITPOINT WARNING * * *
The rat bites the bush but does no damage.
A frilled lizard comes into view. ๐Ÿ˜จ HP[-3]
You take 3 damage, and now have 11/24 hp.
You closely miss the kobold.
The frilled lizard hisses angrily.
You block the kobold's attack. The kobold hits you but does no damage.
The kobold hits you with a +0 club.
* * * LOW HITPOINT WARNING * * *
The kobold hits you with a +0 short sword.
* * * LOW HITPOINT WARNING * * *
You emit a cloud of foul miasma! ๐Ÿ˜จ HP[-4]
You take 4 damage, and now have 7/24 hp.
You closely miss the kobold. The kobold hits you with a +0 dagger.
* * * LOW HITPOINT WARNING * * *
The kobold hits you but does no damage.
The kobold is engulfed in dark miasma.
The kobold is poisoned.
The kobold seems to slow down.
You kill the kobold!
The kobold hits you but does no damage.
The kobold closely misses you. ๐Ÿ˜ฑ HP[-1]
You take 1 damage, and now have 6/24 hp.
You hit the kobold but do no damage. The kobold hits you with a +0 dagger.
* * * LOW HITPOINT WARNING * * *
You block the kobold's attack. ๐Ÿ˜ฑ HP[-1]
You take 1 damage, and now have 5/24 hp.
You hit the kobold.
You kill the kobold!
The kobold hits you but does no damage.
The frilled lizard bites the bush. ๐Ÿ˜ฑ HP[+1]
You barely miss the kobold. You block the kobold's attack.
The frilled lizard bites the bush but does no damage.
The kobold barely misses you.
The frilled lizard bites the bush but does no damage.
You hit the kobold but do no damage. The kobold hits you with a +0 club.
* * * LOW HITPOINT WARNING * * *
You block the kobold's attack. ๐Ÿ˜ฑ HP[-3]
You take 3 damage, and now have 3/24 hp.
You miss the kobold. The rat bites you.
* * * LOW HITPOINT WARNING * * *
The kobold hits you but does no damage. You block the rat's attack. ๐Ÿ˜ฑ HP[-1]
You take 1 damage, and now have 2/24 hp.
You block the kobold's attack.
The frilled lizard bites something.
Items here: ( )) โ€ .
There is a stone staircase leading down here.
You closely miss the rat. You block the rat's attack.
You hit the rat but do no damage. You block the rat's attack.
The rat bites you but does no damage.
You closely miss the rat. The rat bites you but does no damage.
You sock the rat!
You kill the rat!
The kobold hits you but does no damage.
You have reached level 3!
Your experience leads to an increase in your attributes!
Increase (S)trength, (I)ntelligence, or (D)exterity?
You feel stronger.
Your demonic ancestry asserts itself...
Large bone plates grow over parts of your arms. ๐Ÿ˜ฑ HP[+1] MP[+1]
You now have 29 max hp (+5).
Your mp is fully restored (3).
You barely miss the kobold. You block the kobold's attack.
You hit the kobold but do no damage. The kobold hits you with a +0 club.
You die...

Skill      XL: |  1  2 |
---------------+-------+-----
Maces & Flails | 2 3 |  3.2
Fighting       | |  3.0
Armour         | |  2.6
Shields        | |  2.6

Action                   || total
-------------------------++-------
Melee: Flail             ||    80
 Fire: Hunting sling     ||     5
Armor: Scale mail        ||    52
Dodge: Dodged            ||    27
Block: Kite shield       ||    46

Levels and vault maps discovered:
D:1:      tarquinn_simple_flora_water_c, layout_basic,
          hellmonk_ecumenical_altar_arch_garden, lexackson_kobold_supper
D:2:      layout_basic, minivault_27

Notes
Turn   | Place    | Note
-------+----------+-------------------------------------------
     0 | D:1      | Sobieck the Demonspawn Fighter began the quest for the Orb.
     0 | D:1      | Reached XP level 1. HP: 18/18 MP: 1/1
     0 | D:1      | magus.rc [v1.9.6]
    36 | D:1      | Found a faded altar of an unknown god.
    47 | D:1      | Reached skill level 2 in Maces & Flails
   222 | D:1      | Gained mutation: You may rarely emit foul miasma when
                  | damaged in melee. [demonic ancestry]
   222 | D:1      | Reached XP level 2. HP: 21/24 MP: 2/2
   623 | D:1      | Reached skill level 3 in Maces & Flails
   978 | D:1      | HP: 6/24 [kobold/+0 dagger (1)]
   983 | D:1      | HP: 2/24 [rat (1)]
   990 | D:1      | Gained mutation: You are partially covered in large bone
                  | plates. (SH +4) [demonic ancestry]
   990 | D:1      | Reached XP level 3. HP: 3/29 MP: 3/3
   991 | D:1      | Slain by a kobold

Vanquished Creatures
  A dart slug (D:1)
  2 ball pythons (D:1)
  2 endoplasms (D:1)
  3 giant cockroaches
  6 kobolds (D:1)
  5 quokkas (D:1)
  3 bats (D:1)
  A frilled lizard (D:1)
  A rat (D:1)
24 creatures vanquished.

Vanquished Creatures (others)
  6 plants (D:1)
6 creatures vanquished.

Grand Total: 30 creatures vanquished

Table legend:
 A = Non-vault XP
 B = Vault XP
 C = Vault XP percentage of total XP
 D = Non-vault monster count
 E = Vault monster count
 F = Vault count percentage of total count
                 A         B        C        D         E       F
            +---------+---------+-------+---------+---------+-------
      Total |      34 |       7 |  17.1 |      19 |       5 |  20.8
            +---------+---------+-------+---------+---------+-------
        D:1 |      32 |       7 |  17.9 |      18 |       5 |  21.7
        D:2 |       2 |       0 |   0.0 |       1 |       0 |   0.0
            +---------+---------+-------+---------+---------+-------

Illustrated notes

Table legend:
 A = Kills in this place as a percentage of kills in entire the game.
 B = Kills by you in this place as a percentage of kills by you in the entire game.
 C = Kills by friends in this place as a percentage of kills by friends in the entire game.
 D = Other kills in this place as a percentage of other kills in the entire game.
 E = Experience gained in this place as a percentage of experience gained in the entire game.
 F = Experience gained in this place divided by the number of levels of this place that you have seen.
                   A       B       C       D       E      F
               +-------+-------+-------+-------+-------+----------------------
         Total | 100.0 | 100.0 |   N/A |   N/A | 100.0 |  20.5
       Dungeon | 100.0 | 100.0 |   N/A |   N/A | 100.0 |  20.5
               +-------+-------+-------+-------+-------+----------------------

Table legend: (Time is in decaauts)
 A = Elapsed time spent in this place.
 B = Non-inter-level travel time spent in this place.
 C = Inter-level travel time spent in this place.
 D = Time resting spent in this place.
 E = Time spent auto-exploring this place.
 F = Levels seen in this place.
 G = Mean time per level.
                   A        B        C        D        E       F      G
               +--------+--------+--------+--------+--------+-----+--------+
         Total |   1031 |   1008 |     23 |    345 |    447 |   2 |  515.5 |
       Dungeon |   1031 |   1008 |     23 |    345 |    447 |   2 |  515.5 |
               +--------+--------+--------+--------+--------+-----+--------+

Top non-repeatable levels by time:
     D:1: 1017 daAuts
     D:2: 13 daAuts
